Map: Pylon LE

Players

SubN

  • Race: Zerg Zerg
  • League: Diamond
  • Spawn Location: 11:00

MlonEusk

  • Race: Zerg Zerg
  • League: Diamond
  • Spawn Location: 5:00

VOD

Have the link to the VOD?

Description

Time

  • Played on: July 22, 2025, 1:25 p.m.
  • Length: 18:00
Show
View Real Time Build Order
Export as new Build Order

SubN Zerg 

Build Orders: Pool First 

Get SALT Encoding   

  12  0:00  Drone  
  13  0:08  Drone  
  13  0:11  Extractor  
  13  0:29  Spawning Pool  
  12  0:56  Hatchery  
  11  1:16  Queen  
  13  1:25  Metabolic Boost  
  13  1:34  Overlord  
  13  1:39  Zergling x2  
  14  1:52  Zergling x4  
  16  1:59  Zergling x2  
  17  2:08  Zergling x2  
  18  2:11  Zergling x2  
  19  2:21  Zergling x4  
  21  2:25  Zergling x6  
  24  2:31  Zergling x2  
  25  2:37  Zergling x2  
  26  3:05  Zergling x4  
  19  3:56  Zergling x2  
  19  3:57  Zergling x10  
  25  4:06  Spine Crawler  
  25  4:08  Spine Crawler  
  23  4:11  Spine Crawler  
  20  4:26  Spine Crawler x2  
  15  5:07  Spine Crawler  
  14  5:12  Spine Crawler  
  14  5:13  Spine Crawler  
  12  5:15  Spine Crawler  
  12  5:39  Drone  
  6  7:05  Roach Warren  
  5  7:37  Extractor  
  4  7:46  Extractor  
  2  12:33  Extractor  
  2  13:18  Extractor  
Show
View Real Time Build Order
Export as new Build Order

MlonEusk Zerg 

Build Orders: Hatch First 

Get SALT Encoding   

  12  0:01  Drone  
  13  0:15  Overlord  
  13  0:17  Drone  
  14  0:36  Drone  
  15  0:45  Hatchery  
  14  1:02  Spawning Pool  
  13  1:05  Drone  
  13  1:09  Drone  
  15  1:16  Drone  
  15  1:17  Drone  
  17  1:26  Drone  
  18  1:51  Queen  
  20  1:58  Queen  
  20  2:00  Spine Crawler  
  21  2:02  Spine Crawler  
  21  2:03  Drone  
  21  2:10  Drone  
  22  2:19  Drone, Spine Crawler  
  22  2:25  Spine Crawler  
  21  2:33  Spine Crawler  
  21  2:34  Drone  
  21  2:42  Spine Crawler  
  20  2:46  Overlord  
  20  3:14  Spawning Pool  
  19  3:22  Drone x3  
Tags
 
Matchup
ZvZ
Race
Zerg
Replay Pack
Multiplayer
Spawn Locations
Cross Positions
Add a new tag
Caveats
  • Supply blocks, unpowered buildings, or Contaminate may cause inaccurate times.
  • Supply counts are checked every 10 seconds.